 Dungeon Crawl Stone Soup version 0.29-a0-872-g797fff5ad1 (webtiles) character file.

Game seed: 17666994120199462878

3084 raph the Carver (level 9, 0/74 HPs)
             Began as a Minotaur Fighter on July 18, 2022.
             Was a Follower of Wu Jian.
             Splashed by a jelly's acid (10 damage)
             ... on level 7 of the Dungeon.
             The game lasted 00:10:38 (7053 turns).

raph the Carver (Minotaur Fighter)                  Turns: 7053, Time: 00:10:39

Health: 0/74       AC: 19    Str: 26    XL:     9   Next: 58%
Magic:  8/8        EV: 11    Int:  2    God:    Wu Jian [*.....]
Gold:   396        SH:  8    Dex: 14    Spells: 8/8 levels left

rFire   . . .      SeeInvis .   a - +0 long sword (protect)
rCold   + . .      Faith    .   c - +3 buckler
rNeg    . . .      Spirit   .   i - +4 ring mail of Xaeneoniu {rC+ Str+5 Int-3}
rPois   .          Reflect  .   (helmet restricted)
rElec   .          Harm     .   (no cloak)
rCorr   .          Rampage  .   (no gloves)
Will    .....                   m - +1 pair of boots
Stlth   +.........              (no amulet)
HPRegen 0.22/turn               (no ring)
MPRegen 0.11/turn               (no ring)

@: under a protective aura
A: horns 2, retaliatory headbutt
a: Renounce Religion


You were on level 7 of the Dungeon.
You worshipped Wu Jian.
Wu Jian was aware of your devotion.
You visited 2 branches of the dungeon, and saw 8 of its levels.

You collected 396 gold pieces.

Inventory:

Hand Weapons
 a - a +0 long sword of protection (weapon)
Missiles
 o - 2 poisoned darts
 r - 10 boomerangs (quivered)
 t - 2 throwing nets
Armour
 c - a +3 buckler (worn)
 h - a +0 chain mail
 i - the +4 ring mail of Xaeneoniu (worn) {rC+ Str+5 Int-3}
   (You found it on level 3 of the Dungeon)

   Str:       It affects your strength (+5).
   Int:       It affects your intelligence (-3).
   rC:        It protects you from cold.
 m - a +1 pair of boots (worn)
Jewellery
 p - a ring of ice
 u - a ring of poison resistance
Wands
 l - a wand of paralysis (13)
 q - a wand of flame (5)
 s - a wand of polymorph (7)
Potions
 b - 2 potions of cancellation
 d - a potion of ambrosia {unknown}
 e - 4 potions of magic
 f - a potion of haste
 g - a potion of heal wounds
 j - 2 potions of curing {unknown}
 k - 6 potions of flight {unknown}
 v - a potion of mutation {unknown}


   Skills:
 + Level 5.1 Fighting
 - Level 14.0 Long Blades
 + Level 2.6 Throwing
 + Level 5.1 Armour
 + Level 2.9 Dodging
 + Level 5.0 Shields


You had 8 spell levels left.
You didn't know any spells.
Your spell library contained the following spells:

 Spells                   Type           Power      Damage    Failure   Level
 Apportation              Tloc           0%         N/A       77%         1
 Magic Dart               Conj           0%         1d3       77%         1
 Necrotise                Necr           0%         1d4       77%         1
 Summon Small Mammal      Summ           0%         N/A       77%         1
 Searing Ray              Conj           0%         2d4       88%         2
 Fulminant Prism          Conj/Hex       0%         3d6       100%        4
 Summon Lightning Spire   Summ/Air       0%         N/A       100%        4
 Storm Form               Tmut/Air       0%         N/A       100%        7
 Maxwell's Capacitive Co  Air            0%         ∞         100%        8


Dungeon Overview and Level Annotations

Branches:
Dungeon (7/15)             Temple (1/1) D:4

Altars:
Ashenzari
Cheibriados
Dithmenos
Fedhas
Gozag
Hepliaklqana
Nemelex Xobeh
Okawaru
Qazlal
Ru
Sif Muna
Trog
Uskayaw
Vehumet
Wu Jian
Yredelemnul
Zin
The Shining One


Innate Abilities, Weirdness & Mutations

You have a pair of horns on your head.
You reflexively headbutt those who attack you in melee.


Message History

The swamp worm bites you but does no damage.
You closely miss the swamp worm. Your headbutt misses the swamp worm.
You feel much better. The swamp worm bites you. x2
You hit the swamp worm but do no damage.
Your weapon exudes an aura of protection.
The swamp worm bites you but does no damage.
You slash the swamp worm!
The swamp worm is moderately wounded.
The swamp worm bites you but does no damage.
You slash the swamp worm!
The swamp worm is heavily wounded.
You hit the swamp worm.
The swamp worm is severely wounded.
You block the swamp worm's attack.
You closely miss the swamp worm. Your headbutt misses the swamp worm.
The swamp worm is severely wounded.
You block the swamp worm's attack.
You barely miss the swamp worm.
The swamp worm is severely wounded.
You block the swamp worm's attack.
You hit the swamp worm but do no damage.
Your headbutt misses the swamp worm.
The swamp worm is severely wounded.
The swamp worm bites you but does no damage.
You closely miss the swamp worm.
The swamp worm is severely wounded.
The swamp worm bites you!
* * * LOW HITPOINT WARNING * * *
You slash the swamp worm!
You kill the swamp worm!
The Council accepts your kill.
Your Fighting skill increases to level 5!
Your Shields skill increases to level 5!
You hit the jelly.
Your hands burn!
* * * LOW HITPOINT WARNING * * *
The jelly is moderately wounded.
The jelly hits you.
* * * LOW HITPOINT WARNING * * *
You are splashed with acid!
You die...

.####.#.#.##.# #..#.#.####.......
.######.#.##.# #......##≈≈≈≈≈...#
.##.......##.###..#####≈≈≈≈≈≈≈.##
.##.###.####......###≈≈≈≈###≈≈≈≈#
.##.###.# #####.###≈≈≈###≈###≈≈≈
........# #.# #≈≈P#[≈≈≈ #≈≈
###.##### #.###≈≈P≈≈≈≈≈≈ ≈≈ #.#
#.##.≈≈≈#≈:≈≈≈ ≈ #.#
#@##.o≈≈###≈## #.# #J##JK)≈≈≈# #
###.# #Kw.w#.#≈≈≈o≈≈ ....#
####KKo#.≈≈≈≈≈ ##### ##{........
#######... ###


You could see a swamp worm, a kobold brigand and a jelly.

Vanquished Creatures
  Pikel (D:7)
  Maggie (D:6)
  Grinder (D:6)
  A swamp worm (D:7)
  Duvessa (D:5)
  A water moccasin (D:6)
  2 black bears
  An ogre (D:6)
  3 phantoms
  2 bullfrogs
  A necrophage (D:5)
  2 scorpions (D:5)
  3 wights (D:6)
  Dowan (D:5)
  3 killer bees (D:7)
  A howler monkey (D:6)
  A gnoll bouda (D:3)
  An orc priest (D:5)
  2 hounds
  3 jellies
  4 orc wizards
  4 iguanas
  6 adders
  11 gnolls
  4 worms
  3 dart slugs
  15 orcs
  3 bats
  7 endoplasms
  2 giant cockroaches
  6 goblins
  3 hobgoblins
  3 quokkas
  10 ball pythons
  3 frilled lizards
  10 kobolds
  4 rats
130 creatures vanquished.

Vanquished Creatures (others)
  4 fungi (D:1)
  3 plants
7 creatures vanquished.

Grand Total: 137 creatures vanquished

Notes
Turn   | Place    | Note
-------+----------+-------------------------------------------
     0 | D:1      | raph the Minotaur Fighter began the quest for the Orb.
     0 | D:1      | Reached XP level 1. HP: 19/19 MP: 0/0
    97 | D:1      | Found a faded altar of an unknown god.
   187 | D:1      | Reached skill level 3 in Long Blades
   197 | D:1      | Reached XP level 2. HP: 20/26 MP: 1/1
  1008 | D:2      | Reached skill level 4 in Long Blades
  1295 | D:2      | Reached XP level 3. HP: 31/31 MP: 2/2
  1811 | D:2      | HP: 1/31 [poisoned by an adder]
  2124 | D:2      | Reached skill level 5 in Long Blades
  2235 | D:2      | Reached XP level 4. HP: 36/39 MP: 3/3
  2610 | D:3      | Identified the +4 ring mail of Xaeneoniu {rC+ Str+5 Int-3}
  2627 | D:3      | Noticed a phantom
  2646 | D:3      | Killed a phantom
  2647 | D:3      | Reached skill level 6 in Long Blades
  2647 | D:3      | Reached XP level 5. HP: 39/45 MP: 4/4
  2683 | D:3      | Reached skill level 7 in Long Blades
  3689 | D:4      | Noticed a black bear
  3696 | D:4      | Killed a black bear
  3697 | D:4      | Reached skill level 8 in Long Blades
  3697 | D:4      | Reached XP level 6. HP: 51/51 MP: 5/5
  3894 | D:4      | Found a staircase to the Ecumenical Temple.
  3924 | Temple   | Entered the Ecumenical Temple
  4086 | Temple   | Became a worshipper of the Wu Jian Council
  4169 | D:4      | Found a blossoming altar of Fedhas.
  4784 | D:5      | Entered Level 5 of the Dungeon
  4784 | D:5      | Noticed Duvessa
  4784 | D:5      | Noticed Dowan
  4992 | D:5      | Reached skill level 9 in Long Blades
  5002 | D:5      | Reached XP level 7. HP: 50/57 MP: 6/6
  5079 | D:5      | Killed Duvessa
  5084 | D:5      | Killed Dowan
  5085 | D:5      | Reached skill level 10 in Long Blades
  5401 | D:5      | Found a basalt altar of Yredelemnul.
  5773 | D:6      | Reached skill level 11 in Long Blades
  5773 | D:6      | Identified the +1 hand axe of Eternity {freeze, Dex+6}
  6034 | D:6      | Reached XP level 8. HP: 64/64 MP: 7/7
  6059 | D:6      | HP: 3/62 [wight/+0 halberd (8)]
  6059 | D:6      | HP: 1/60 [wight/+0 halberd (2)]
  6063 | D:6      | Noticed Maggie
  6087 | D:6      | Reached skill level 12 in Long Blades
  6090 | D:6      | Noticed Grinder
  6098 | D:6      | Killed Maggie
  6099 | D:6      | Reached skill level 13 in Long Blades
  6103 | D:6      | Reached * piety under Wu Jian
  6118 | D:6      | Killed Grinder
  6128 | D:6      | Reached skill level 14 in Long Blades
  6128 | D:6      | Reached XP level 9. HP: 36/71 MP: 8/8
  6558 | D:6      | Reached skill level 1 in Dodging
  6661 | D:7      | Reached skill level 1 in Throwing
  6842 | D:7      | Found a stormy altar of Qazlal.
  6847 | D:7      | Noticed Pikel
  6856 | D:7      | Killed Pikel
  6945 | D:7      | Reached skill level 5 in Armour
  6999 | D:7      | Found an iron altar of Okawaru.
  6999 | D:7      | Found an opulent altar of Gozag.
  7053 | D:7      | Reached skill level 5 in Fighting
  7053 | D:7      | Reached skill level 5 in Shields
  7053 | D:7      | Splashed by a jelly's acid

Illustrated notes

Levels and vault maps discovered:
D:1:      dpeg_arrival_tiny_c, layout_basic, shapermc_ecumenical_altar_ellora,
          item_on_display_a
D:2:      minmay_razor_zed, layout_loops_ring, minmay_statues_item
D:3:      layout_basic
D:4:      layout_loops_corners, fedhas_altar_1, minmay_temple_entry_waves,
          minmay_liquid_box, nicolae_concentric_dashed_squares_mild
D:5:      layout_cave_pools, general_overflow_altar, minmay_holes, minivault_11,
          uniq_duvessa
D:6:      layout_basic, uniq_maggie, uniq_grinder
D:7:      layout_loops_corners, mainiacjoe_overflow_divided_tiny,
          mainiacjoe_overflow_chevrons, chequers_serial_rivers_micro_c,
          worms_lemuel, uniq_pikel
Temple:   nicolae_temple_god_jail

Skill      XL: |  1  2  3  4  5  6  7  8  9 |
---------------+----------------------------+-----
Long Blades    | 3 4 5 6 8 9 11 14 | 14.0
Dodging        | 2 |  2.9
Armour         | 5 |  5.1
Fighting       | 5 |  5.1
Throwing       | 2 |  2.6
Shields        | 5 |  5.0

Action                   |  1- 3 |  4- 6 |  7- 9 || total
-------------------------+-------+-------+-------++-------
Melee: Long sword        |    97 |   107 |   207 ||   411
       Headbutt          |    15 |    18 |    41 ||    74
Throw: Throwing net      |       |     1 |       ||     1
       Boomerang         |       |       |     3 ||     3
       Dart              |       |       |     3 ||     3
Invok: Lunge             |       |     3 |    11 ||    14
       Whirlwind         |       |       |     5 ||     5
Evoke: Wand              |       |       |     3 ||     3
  Use: Scroll            |       |     8 |     7 ||    15
       Potion            |       |     2 |     6 ||     8
 Stab: Held in net/web   |       |     1 |       ||     1
Armor: Scale mail        |    30 |    10 |       ||    40
       Ring mail         |       |    32 |    74 ||   106
Dodge: Dodged            |    33 |    46 |    70 ||   149
Block: Buckler           |    26 |    36 |    61 ||   123

Table legend: (Time is in decaauts)
 A = Elapsed time spent in this place.
 B = Non-inter-level travel time spent in this place.
 C = Inter-level travel time spent in this place.
 D = Time resting spent in this place.
 E = Time spent auto-exploring this place.
 F = Levels seen in this place.
 G = Mean time per level.
                   A        B        C        D        E       F      G
               +--------+--------+--------+--------+--------+-----+--------+
         Total |   7041 |   6681 |    360 |   1345 |   4181 |   8 |  880.1 |
       Dungeon |   6862 |   6517 |    345 |   1345 |   4132 |   7 |  980.3 |
        Temple |    178 |    163 |     15 |      0 |     49 |   1 |  178.0 |
               +--------+--------+--------+--------+--------+-----+--------+

Top non-repeatable levels by time:
     D:2: 1493 daAuts
     D:4: 1135 daAuts
     D:3: 1129 daAuts
     D:1: 986 daAuts
     D:5: 921 daAuts
     D:6: 799 daAuts
     D:7: 396 daAuts
  Temple: 178 daAuts
